 Dungeon Crawl Stone Soup version 0.23-a0-446-g036aa52 (webtiles) character file.

3859 Dfrag the Destroyer (level 9, -2/57 HPs)
             Began as a Demonspawn Fire Elementalist on Nov 18, 2018.
             Was a Follower of Makhleb.
             Slain by a killer bee (9 damage)
             ... on level 8 of the Dungeon.
             The game lasted 00:15:34 (7260 turns).

Dfrag the Destroyer (Demonspawn Fire Elementalist)  Turns: 7260, Time: 00:15:34

Health: -2/57      AC:  6    Str: 10    XL:     9   Next: 99%
Magic:  15/20      EV: 12    Int: 20    God:    Makhleb [*.....]
Gold:   71         SH:  0    Dex: 14    Spells: 15/23 levels left

rFire    . . .     SeeInvis +   B - +2 hand axe (elec)
rCold    + + .     Gourm    .   (no shield)
rNeg     + . .     Faith    .   r - +1 robe of Brilliance {rC+ rN+} (curse)
rPois    .         Spirit   .   (no helmet)
rElec    .         Reflect  .   q - +2 cloak
rCorr    .         Harm     .   (no gloves)
MR       .....                  (boots unavailable)
Stlth    +.........             (no amulet)
HPRegen  0.19/turn              g - -3 ring of strength (curse)
MPRegen  0.17/turn              w - ring of see invisible

@: mighty
A: hooves 3, cold resistance 1, powered by pain 1, freezing cloud immunity
a: Renounce Religion


You were on level 8 of the Dungeon.
You worshipped Makhleb.
Makhleb was aware of your devotion.
You were not hungry.

You visited 2 branches of the dungeon, and saw 9 of its levels.

You collected 325 gold pieces.
You spent 254 gold pieces at shops.

Inventory:

Hand Weapons
 p - a +0 flail
 B - a +2 hand axe of electrocution (weapon)
Armour
 a - a +0 robe
 q - a +2 cloak (worn)
 r - the cursed +1 robe of Brilliance (worn) {rC+ rN+}
   (You bought it in a shop on level 7 of the Dungeon)

   It protects you from cold.
   It protects you from negative energy.
   It has a curse placed upon it.
Magical Staves
 s - an uncursed staff of summoning
Jewellery
 g - a cursed -3 ring of strength (left hand)
 w - a ring of see invisible (right hand)
 G - an uncursed ring of wizardry {unknown}
Wands
 b - a wand of flame (22)
 F - a wand of polymorph (10)
Scrolls
 d - 3 scrolls of enchant armour
 e - 2 scrolls of magic mapping
 f - 4 scrolls of remove curse
 h - 2 scrolls of amnesia
 i - 2 scrolls of blinking
 j - a scroll of noise
 m - 4 scrolls of immolation
 x - a scroll of fog
 z - 3 scrolls of enchant weapon
 C - 2 scrolls of teleportation
Potions
 k - a potion of might
 l - a potion of resistance
 t - a potion of haste
 u - a potion of lignification
 v - 3 potions of agility
 A - 5 potions of heal wounds
Comestibles
 c - 5 rations


   Skills:
 - Level 1.7 Dodging
 - Level 1.7 Stealth
 + Level 7.9 Spellcasting
 + Level 8.3 Conjurations
 + Level 8.1 Fire Magic


You had 15 spell levels left.
You knew the following spells:

 Your Spells              Type           Power        Failure   Level  Hunger
a - Flame Tongue          Conj/Fire      #####        1%          1    None
b - Conjure Flame         Conj/Fire      #####...     1%          3    None
c - Sticky Flame          Conj/Fire      #####...     3%          4    ###....

Your spell library contained the following spells:

 Spells                   Type           Power        Failure   Level  Hunger
 Sting                    Conj/Pois      ###.         1%          1    None
 Throw Flame              Conj/Fire      #####.       1%          2    None
 Inner Flame              Hex/Fire       ###.....     4%          3    None
 Animate Skeleton         Necr           N/A          9%          1    None
 Apportation              Tloc           #.....       9%          1    None
 Confusing Touch          Hex            #.....       9%          1    None
 Summon Small Mammal      Summ           #...         9%          1    None
 Mephitic Cloud           Conj/Pois/Air  ###.....     9%          3    None
 Fireball                 Conj/Fire      #####.....   9%          5    #####..
 Poisonous Vapours        Pois/Air       #.....       13%         2    None
 Venom Bolt               Conj/Pois      ###.......   41%         5    #####..
 Olgreb's Toxic Radiance  Pois           #.......     65%         4    ###....


Dungeon Overview and Level Annotations

Branches:
Dungeon (8/15)             Temple (1/1) D:7
   Lair: D:8-11

Altars:
Ashenzari
Cheibriados
Dithmenos
Elyvilon
Fedhas
Gozag
Hepliaklqana
Kikubaaqudgha
Makhleb
Nemelex Xobeh
Okawaru
Qazlal
Ru
Sif Muna
Trog
Uskayaw
Wu Jian
Yredelemnul
Zin
The Shining One

Shops:
D:7 *![(

Annotations:
D:8 Joseph


Innate Abilities, Weirdness & Mutations

You have hooves in place of feet.
Your flesh is cold resistant. (rC+)
You sometimes gain a little power by taking damage.
You are immune to freezing clouds.


Message History

Casting: Flame Tongue (safe; 1% risk of failure)
Confirm with . or Enter, or press ? or * to list all spells.
Aiming: Sticky Flame (safe; 3% risk of failure)
Press: ? - help, Shift-Dir - straight line, f/p - Joseph
Aim: Joseph, wielding a +0 quarterstaff and wearing a +2 ring mail of poison The sticky flame hits Joseph.
Joseph is lightly wounded.
Joseph is covered in liquid flames!
Joseph burns!
Joseph hits you with a +0 quarterstaff!
Joseph burns!
Joseph unwields a +0 quarterstaff.
Joseph wields a +0 hunting sling.
Joseph shoots a sling bullet.
The sling bullet hits you!!
* * * LOW HITPOINT WARNING * * *
You focus on the pain.
You feel very mighty all of a sudden.
There is a stone staircase leading up, spattered with blood here.
You see here 2 sling bullets.
You can't go down here!
Joseph burns!
The killer bee completely misses you. The killer bee stings you!
You die...

.# .# .# # .# ... .#
#..####.#### y
#....@y....# .♣y
#...##.#.#.# y..
#.>.##.@.# yy♣♣
#...###### ♣..♣
##......# ≈.♣.♣..
#......##
.≈.yy.%#####.......#
♣...%#.......#
♣%##.#.......###


You could see Joseph (burning) and a killer bee.

Vanquished Creatures
  A human (D:5)
  Eustachio (D:6)
  Menkaure (D:7)
  2 phantoms
  2 ice beasts
  2 ogres
  5 centaurs
  A big kobold (D:6)
  A water moccasin zombie (D:6)
  4 bullfrogs
  3 scorpions
  26 killer bees (D:8)
  A jelly (D:6)
  A bullfrog zombie (D:6)
  3 howler monkeys
  3 hounds
  2 centaur skeletons
  3 orc wizards
  An iguana (D:6)
  5 worker ants
  A killer bee zombie (D:5)
  3 gnolls (D:4)
  10 adders
  2 river rats (D:6)
  2 shadow imps
  An ooze (D:2)
  3 worms (D:3)
  3 dart slugs (D:1)
  6 leopard geckos
  25 orcs
  4 ball pythons
  3 bats (D:1)
  9 giant cockroaches
  12 goblins
  7 hobgoblins
  8 jackals
  4 quokkas
  6 frilled lizards
  A jackal skeleton (D:5)
  9 kobolds
  A kobold zombie (D:5)
  A quokka skeleton (D:6)
  A quokka zombie (D:8)
  4 rats
194 creatures vanquished.

Notes
Turn   | Place    | Note
-------+----------+-------------------------------------------
     0 | D:1      | Dfrag the Demonspawn Fire Elementalist began the quest for
                  | the Orb.
     0 | D:1      | Reached XP level 1. HP: 13/13 MP: 3/3
   102 | D:1      | Gained mutation: You have large cloven feet. [demonic
                  | ancestry]
   102 | D:1      | Reached XP level 2. HP: 8/19 MP: 1/5
   423 | D:1      | Gained mutation: You sometimes gain a little power by
                  | taking damage. [demonic ancestry]
   423 | D:1      | Reached XP level 3. HP: 2/24 MP: 0/6
  1585 | D:3      | Learned a level 3 spell: Conjure Flame
  1639 | D:3      | Found a deep blue altar of Sif Muna.
  1652 | D:3      | Gained mutation: You have hoof-like feet. [demonic
                  | ancestry]
  1652 | D:3      | Reached XP level 4. HP: 27/30 MP: 3/8
  1674 | D:3      | Found a faded altar of an unknown god.
  2058 | D:3      | Noticed an ice beast
  2067 | D:3      | Learned a level 4 spell: Sticky Flame
  2123 | D:3      | Killed an ice beast
  2123 | D:3      | Reached XP level 5. HP: 21/35 MP: 7/10
  2393 | D:4      | Noticed an ogre
  2395 | D:4      | Noticed a phantom
  2419 | D:3      | Killed an ogre
  2419 | D:3      | Reached XP level 6. HP: 41/41 MP: 0/11
  2803 | D:4      | Found an iron altar of Okawaru.
  3121 | D:4      | Gained mutation: You have hooves in place of feet. [demonic
                  | ancestry]
  3121 | D:4      | Reached XP level 7. HP: 12/46 MP: 6/13
  3671 | D:5      | Entered Level 5 of the Dungeon
  3897 | D:5      | Reached skill level 5 in Fire Magic
  4069 | D:5      | Found a runed door.
  4069 | D:5      | Noticed a human
  4072 | D:5      | Found a basalt altar of Yredelemnul.
  4098 | D:5      | Killed a human
  4098 | D:5      | Reached skill level 5 in Conjurations
  4168 | D:5      | Reached skill level 5 in Spellcasting
  4298 | D:5      | Found an opulent altar of Gozag.
  4299 | D:5      | Found a sparkling altar of Nemelex Xobeh.
  4407 | D:5      | Gained mutation: Your flesh is cold resistant. (rC+)
                  | [demonic ancestry]
  4407 | D:5      | Reached XP level 8. HP: 14/52 MP: 4/15
  4718 | D:5      | Found a hide-covered altar of Uskayaw.
  4718 | D:5      | Noticed a +0 hand axe
  4718 | D:5      | Noticed a +0 hand axe
  4770 | D:5      | Found a sacrificial altar of Ru.
  5083 | D:6      | Found a stormy altar of Qazlal.
  5460 | D:6      | Found a shadowy altar of Dithmenos.
  5501 | D:6      | Found a bloodstained altar of Trog.
  5573 | D:6      | Noticed Eustachio
  5583 | D:6      | Killed Eustachio
  5665 | D:6      | Gained mutation: You are immune to freezing clouds.
                  | [demonic ancestry]
  5665 | D:6      | Reached XP level 9. HP: 8/57 MP: 3/18
  6030 | D:7      | Found Zool's Antique Armour Boutique.
  6035 | D:7      | Bought a crude robe for 114 gold pieces
  6045 | D:7      | Identified the cursed +1 robe of Brilliance {rC+ rN+} (You
                  | bought it in a shop on level 7 of the Dungeon)
  6116 | D:7      | Noticed Menkaure
  6124 | D:7      | Killed Menkaure
  6138 | D:7      | Found Buqous's Weapon Shop.
  6300 | D:7      | Found Qonte's Distillery.
  6308 | D:7      | Bought a potion of heal wounds for 55 gold pieces
  6308 | D:7      | Bought a potion of curing for 33 gold pieces
  6438 | D:7      | Found Cokasharr's Assorted Antiques.
  6450 | D:7      | Bought a scroll of identify for 52 gold pieces
  6480 | D:7      | Found a staircase to the Ecumenical Temple.
  6634 | Temple   | Entered the Ecumenical Temple
  6639 | Temple   | Became a worshipper of Makhleb the Destroyer
  6909 | D:8      | HP: 4/85 [poisoned by a killer bee]
  6917 | D:8      | Reached * piety under Makhleb
  7255 | D:8      | Noticed Joseph
  7260 | D:8      | Slain by a killer bee

Vault maps used:
D:1:      tarquinn_simple_flora_water_b, minmay_box_of_dots
D:2:      first_ration
D:3:      lemuel_coloured_pillars_altar, chequers_ecumenical_altar_simple_redux,
          minmay_checkerbox
D:4:      okawaru_altar_gauntlet_db
D:5:      grunt_temple_overflow_opulence, dancing_weapons_uskayaw,
          kennysheep_little_box, corexii_corridor_pit, dk_yredelemnul_ordeal
D:6:      cheibrodos_quashed, kennysheep_mini, nicolae_overflow_hidden_temple,
          portal_sewer_entry_e, uniq_eustachio
D:7:      temple_hall, serial_shops, shop_statue, shop, shop,
          nicolae_shop_waterfront, uniq_menkaure
D:8:      wad_woods_minihive, uniq_joseph
Temple:   minmay_freezing_vapour_temple

Skill      XL: |  1  2  3  4  5  6  7  8  9 |
---------------+----------------------------+-----
Fire Magic     | 3 4 5 6 8 |  8.1
Conjurations   | 2 3 4 5 6 8 |  8.3
Spellcasting   | 3 4 5 6 7 |  7.9
Dodging        | |  1.7
Stealth        | |  1.7

Action                   |  1- 3 |  4- 6 |  7- 9 || total
-------------------------+-------+-------+-------++-------
Melee: Unarmed           |    16 |       |       ||    16
       Kick              |     2 |     3 |    13 ||    18
       Flail             |     3 |     6 |       ||     9
       Staff             |       |    11 |    31 ||    42
       Hand axe          |       |       |   100 ||   100
 Cast: Flame Tongue      |    72 |    74 |   107 ||   253
       Sticky Flame      |       |     7 |    42 ||    49
       Conjure Flame     |       |       |     1 ||     1
Evoke: Wand              |     2 |     1 |    12 ||    15
  Use: Potion            |     1 |       |     8 ||     9
       Scroll            |       |       |    17 ||    17
 Stab: Paralysed         |       |       |     2 ||     2
  Eat: Chunk             |     3 |     6 |    17 ||    26
       Ration            |       |       |     1 ||     1
Armor: Robe              |    13 |    21 |    83 ||   117
       Skin              |       |       |    59 ||    59
Dodge: Dodged            |    38 |    65 |   190 ||   293

Table legend:
 A = Non-vault XP
 B = Vault XP
 C = Vault XP percentage of total XP
 D = Non-vault monster count
 E = Vault monster count
 F = Vault count percentage of total count
                 A         B        C        D         E       F
            +---------+---------+-------+---------+---------+-------
      Total |    3101 |    2413 |  43.8 |     141 |      53 |  27.3
            +---------+---------+-------+---------+---------+-------
        D:1 |      47 |       7 |  13.0 |      22 |       4 |  15.4
        D:2 |      29 |       0 |   0.0 |       7 |       0 |   0.0
        D:3 |     190 |     136 |  41.7 |      19 |       4 |  17.4
        D:4 |     375 |      52 |  12.2 |      12 |       6 |  33.3
        D:5 |     646 |     191 |  22.8 |      29 |       3 |   9.4
        D:6 |    1019 |     223 |  18.0 |      32 |       9 |  22.0
        D:7 |     583 |     172 |  22.8 |      14 |       1 |   6.7
        D:8 |     212 |    1632 |  88.5 |       6 |      26 |  81.2
            +---------+---------+-------+---------+---------+-------
